 Dungeon Crawl Stone Soup version 0.28-a0-691-gad6df49e81 (webtiles) character file.

Game seed: 9477267221646315233

66352 Irenicus the Metallomancer (level 14, -14/108 HPs)
             Began as a Deep Dwarf Earth Elementalist on Oct 20, 2021.
             Was the Champion of Makhleb.
             Demolished by an alligator snapping turtle (32 damage)
             ... on level 2 of the Shoals.
             The game lasted 01:57:11 (10555 turns).

Irenicus the Metallomancer (DDEE)                  Turns: 10555, Time: 01:57:12

Health: -14/108    AC: 20    Str: 15    XL:     14   Next: 78%
Magic:  2/35 (26)  EV: 16    Int: 22    God:    Makhleb [******]
Gold:   1237       SH:  5    Dex: 13    Spells: 14/31 levels left

rFire   . . .      SeeInvis +   b - staff of earth {!a}
rCold   + . .      Faith    .   B - +0 buckler
rNeg    + . .      Spirit   .   q - +0 acid dragon scales
rPois   .          Reflect  .   A - +2 helmet {SInv}
rElec   +          Harm     .   (no cloak)
rCorr   +          Rampage  .   G - +2 pair of gloves
Will    +++..      Rnd*Tele +   H - +2 pair of boots "Ymigu" {Contam Will+ Str+4 SInv}
Stlth   +.........              p - amulet of the acrobat
HPRegen 0.00/turn               C - ring of protection from cold
MPRegen 0.24/turn               M - ring of magical power

@: very slow
A: damage resistance, heal wounds, negative energy resistance 1, sense
surroundings 2, no regeneration, iridescent scales 1, electricity resistance,
teleportitis 1
a: Heal Wounds, Renounce Religion, Minor Destruction, Lesser Servant of Makhleb,
Major Destruction, Greater Servant of Makhleb


You were on level 2 of the Shoals.
You worshipped Makhleb.
Makhleb was exalted by your worship.
You visited 4 branches of the dungeon, and saw 18 of its levels.
You also visited: Sewer.

You collected 1254 gold pieces.
You spent 17 gold pieces at shops.


Innate Abilities, Weirdness & Mutations

You are resistant to damage.
You can heal yourself by infusing magical energy.
You resist negative energy. (rN+)
You passively map the area around you.
You do not regenerate.
You are partially covered in iridescent scales. (AC +2)
You are resistant to electric shocks. (rElec)
You are occasionally teleported next to monsters.


   Skills:
 - Level 2.1 Fighting
 - Level 9.0 Armour
 - Level 11.1 Dodging
 - Level 2.4 Stealth
 - Level 4.2 Shields
 - Level 9.0 Spellcasting
 - Level 2.4 Conjurations
 + Level 12.5 Necromancy
 - Level 0.8 Transmutations
 - Level 23.5 Earth Magic
 - Level 5.1 Evocations


You had 14 spell levels left.
You knew the following spells:

 Your Spells              Type           Power      Damage    Failure   Level
a - Animate Dead          Necr           30%        N/A       1%          4
c - Corpse Rot            Necr/Air       74%        N/A       1%          2
f - Borgnjor's Vile Clut  Necr/Erth      46%        N/A       1%          5
t - Stone Arrow           Conj/Erth      100%       3d13      1%          3
w - Passwall              Tmut/Erth      63%        N/A       1%          2
z - Sandblast             Erth           100%       2d20      0%          1

Your spell library contained the following spells:

 Spells                   Type           Power      Damage    Failure   Level
 Petrify                  Tmut/Erth      76%        N/A       1%          4
 Magic Dart               Conj           80%        1d7       3%          1
 Searing Ray              Conj           40%        2d5       4%          2
 Sting                    Tmut/Pois      44%        1d5       8%          1
 Summon Small Mammal      Summ           36%        N/A       9%          1
 Poisonous Vapours        Pois/Air       18%        N/A       13%         2
 Call Canine Familiar     Summ           9%         N/A       26%         3
 Gell's Gravitas          Tloc           4%         N/A       26%         3
 Lesser Beckoning         Tloc           9%         N/A       26%         3
 Summon Guardian Golem    Hex/Summ       9%         N/A       26%         3
 Teleport Other           Tloc           9%         N/A       26%         3
 Fulminant Prism          Conj/Hex       7%         3d7       47%         4
 Olgreb's Toxic Radiance  Pois           9%         N/A       65%         4
 Simulacrum               Ice/Necr       18%        N/A       71%         6
 Freezing Cloud           Conj/Ice/Air   6%         6-21      87%         5
 Alistair's Intoxication  Tmut/Pois      7%         N/A       90%         5
 Summon Forest            Summ/Tloc      4%         N/A       94%         5
 Infestation              Necr           30%        N/A       98%         8
 Haunt                    Necr/Summ      18%        N/A       99%         7
 Eringya's Noxious Bog    Tmut/Pois      5%         N/A       100%        6
 Summon Hydra             Summ           4%         N/A       100%        7
 Polar Vortex             Ice            4%         N/A       100%        9

Inventory:

Hand Weapons
 j - the +9 lance "Wyrmbane" {slay drac, rPois rF+ rC+ AC+3}
   (You took it off Maggie on level 1 of the Lair of Beasts)

   It inflicts extra damage against dragons and draconians.
   AC:        It affects your AC (+3).
   rF:        It protects you from fire.
   rC:        It protects you from cold.
   rPois:     It protects you from poison.
 y - a +0 dagger of protection
 E - a +0 quick blade
Missiles
 c - 34 stones
 e - 2 curare-tipped darts {=f}
 s - a throwing net {=f}
Armour
 l - a +2 ring mail of cold resistance
 q - +0 acid dragon scales (worn)
 A - a +2 helmet of see invisible (worn)
 B - a +0 buckler (worn)
 G - a +2 pair of gloves (worn)
 H - the +2 pair of boots "Ymigu" (worn) {Contam Will+ Str+4 SInv}
   (You found it on level 3 of the Lair of Beasts)

   Str:       It affects your strength (+4).
   SInv:      It lets you see invisible.
   Contam:    It causes magical contamination when unequipped.
   Will:      It increases your willpower.
 K - the +0 plate armour of Boredom {rElec Will++ Int-5 Slay+4}
   (You found it on level 5 of the Lair of Beasts)

   Int:       It affects your intelligence (-5).
   Slay:      It affects your accuracy & damage with ranged weapons and melee
   (+4).
   rElec:     It insulates you from electricity.
   Will:      It greatly increases your willpower.
Magical Staves
 b - a staff of earth (weapon) {!a}
 i - a staff of conjuration {!a}
Jewellery
 p - an amulet of the acrobat (around neck)
 x - the ring "Qoecusag" {Fire Int+5 SInv}
   (You found it on level 3 of the Lair of Beasts)

   [ring of fire]

   It enhances your fire magic.
   Int:       It affects your intelligence (+5).
   rF:        It protects you from fire.
   rC:        It makes you vulnerable to cold.
   SInv:      It lets you see invisible.
 C - a ring of protection from cold (left hand)
 I - a +6 ring of intelligence
 M - a ring of magical power (right hand)
 S - a +6 ring of strength
Wands
 D - a wand of polymorph (13)
 J - a wand of iceblast (9)
Scrolls
 k - 2 scrolls of teleportation {@r2}
 m - 3 scrolls of enchant armour
 o - 4 scrolls of blinking
 t - 4 scrolls of vulnerability
 v - 7 scrolls of identify {@r1}
 F - 3 scrolls of immolation
 O - a scroll of enchant weapon
Potions
 a - 2 potions of might
 d - 2 potions of lignification
 f - a potion of berserk rage {!q}
 g - 3 potions of brilliance
 n - 5 potions of haste {@q3}
 r - 3 potions of curing {@q1}
 u - a potion of mutation
 w - 2 potions of attraction
 L - 2 potions of flight
 N - a potion of magic

Dungeon Overview and Level Annotations

Branches:
Dungeon (9/15)             Temple (1/1) D:4            Lair (6/6) D:8
 Shoals (2/4) Lair:2        Snake (0/4) Lair:2        Slime (0/5) Lair:5
  Sewer (visited)
    Orc: D:9-12

Altars:
Ashenzari
Cheibriados
Dithmenos
Fedhas
Hepliaklqana
Kikubaaqudgha
Makhleb
Nemelex Xobeh
Okawaru
Ru
Trog
Vehumet
Wu Jian
The Shining One
Beogh
Lugonu

Shops:
D:4 (   D:5 (   D:6 *

Portals:
Abyss: Lair:6

Annotations:
D:8 exclusion: downstairs
D:9 exclusion: upstairs
Lair:1 exclusion: upstairs
Lair:3 Illot's ghost, adept MfTm

≈≈≈≈≈≈≈≈≈≈≈≈≈≈≈...≈...≈..≈≈...
≈
≈≈≈≈≈≈≈≈≈≈≈≈≈≈≈≈≈≈≈≈....≈≈...
≈ ≈≈≈≈≈≈≈≈≈≈≈≈≈≈≈≈≈≈≈≈..≈.....
≈ ≈ ≈≈≈≈≈≈≈≈≈≈≈≈≈≈≈≈≈≈≈.≈.≈...
≈≈ ≈
≈≈≈≈≈≈≈≈≈≈≈≈≈≈≈≈≈≈≈≈.≈..... ≈≈
≈≈≈≈≈≈≈≈..≈≈≈≈≈≈≈≈≈≈..... ≈
≈≈≈≈≈≈≈≈...≈≈≈≈≈≈≈..≈≈... ≈
≈≈≈≈≈≈≈≈..≈≈≈≈≈≈≈≈≈≈≈≈... ≈≈
**########@≈≈≈≈≈≈≈≈≈≈≈≈≈... *
### #≈≈≈≈≈≈≈≈≈≈≈≈≈≈ ,, * ≈≈≈≈
##mt≈≈≈≈≈≈≈≈≈≈ ≈ ≈ * * ≈≈≈≈≈
*##§§§§≈≈≈≈≈#≈ ≈ *
≈≈≈≈≈≈###§§§≈≈≈≈≈# * ≈
≈≈≈≈≈≈≈§t≈§§§≈≈≈≈ ≈ ≈
≈≈≈≈≈≈≈≈≈§§≈§§≈≈≈≈≈ ≈ ≈ * ≈
≈≈≈≈≈≈≈≈≈≈≈≈≈≈≈≈≈ ≈ ≈ ≈ ≈≈
≈≈≈≈≈†≈≈≈≈≈≈≈≈≈≈≈ ≈


You could see an alligator snapping turtle and a merfolk.


Message History

The merfolk completely misses you. The merfolk misses you.
Casting: Stone Arrow (safe; 1% risk of failure)
Confirm with . or Enter, or press ? or * to list all spells.
Aiming: Borgnjor's Vile Clutch (safe; 1% risk of failure)
Press: ? - help, Shift-Dir - straight line, p - alligator snapping turtle You feel a surge of power!
The alligator snapping turtle is unaffected.
The merfolk completely misses you. The merfolk completely misses you.
The alligator snapping turtle closely misses you.
You block the merfolk's attack.
The alligator snapping turtle completely misses you.
Unknown command.
Aiming: Iceblast
Press: ? - help, Shift-Dir - straight line
Okay, then.
The merfolk completely misses you.
The alligator snapping turtle completely misses you.
Aiming: Iceblast
Press: ? - help, Shift-Dir - straight line, f - alligator snapping turtle
Aim: an alligator snapping turtle (almost dead)
The mass of ice explodes!
The iceblast engulfs the alligator snapping turtle!
The alligator snapping turtle is almost dead.
The iceblast engulfs the merfolk.
The merfolk is lightly wounded.
The merfolk closely misses you.
The alligator snapping turtle bites you from afar!!
You die...

Skill      XL: |  1  2  3  4  5  6  7  8  9 10 11 12 13 14 |
---------------+-------------------------------------------+-----
Earth Magic    | 6 7 9 10 11 12 15 19 23 | 23.5
Spellcasting   | 2 3 5 6 9 |  9.0
Conjurations   | 1 2 |  2.4
Shields        | 4 |  4.2
Armour         | 2 7 9 |  9.0
Dodging        | 5 8 10 11 | 11.1
Fighting       | 2 |  2.1
Necromancy     | 1 8 11 12 | 12.5
Evocations     | 3 5 |  5.1
Stealth        | |  2.4
Transmutations | |  0.8

Action                   |  1- 3 |  4- 6 |  7- 9 | 10-12 | 13-15 || total
-------------------------+-------+-------+-------+-------+-------++-------
Melee: Unarmed           |    23 |     3 |       |       |       ||    26
       Dagger            |       |   107 |    10 |       |       ||   117
       Staff             |       |       |    36 |   120 |    74 ||   230
       Quick blade       |       |       |     5 |     2 |       ||     7
Throw: Dart              |       |       |       |     1 |     2 ||     3
       Throwing net      |       |       |       |       |     2 ||     2
 Cast: Sandblast         |    11 |    57 |   122 |   188 |   224 ||   602
       Stone Arrow       |       |    16 |    27 |    87 |    31 ||   161
       Passwall          |       |     3 |    23 |    10 |       ||    36
       Borgnjor's Vile C |       |       |       |    27 |    81 ||   108
       Animate Dead      |       |       |       |       |     1 ||     1
 Abil: Heal Wounds       |       |     1 |       |     1 |       ||     2
Evoke: Wand              |       |       |     2 |    10 |    47 ||    59
  Use: Scroll            |     1 |     1 |    11 |    17 |     8 ||    38
       Potion            |     1 |     2 |     5 |     8 |       ||    16
 Stab: Sleeping          |     1 |     2 |       |       |       ||     3
       Distracted        |       |     1 |       |       |       ||     1
       Invisible         |       |       |     1 |       |       ||     1
Armor: Robe              |     2 |       |       |       |       ||     2
       Leather armour    |     7 |    50 |    27 |     1 |       ||    85
       Skin              |     3 |       |       |       |       ||     3
       Acid dragon scale |       |       |       |    74 |    77 ||   151
Dodge: Dodged            |    22 |   104 |   115 |   222 |   270 ||   733
Block: Buckler           |       |       |    42 |    90 |    58 ||   190

Levels and vault maps discovered:
D:1:      nzn_arrival_crosshair, layout_loops_corners,
          chequers_serial_rivers_large_a
D:2:      layout_loops_ring
D:3:      layout_loops_ring, shapermc_ecumenical_altar_mp_ritualfount,
          uniq_sigmund
D:4:      layout_basic, minmay_temple_entry_mist, cheibrodos_sewer_entry_bend,
          serial_shops, nicolae_shop_competitors_out_of_business, serial_glass,
          glass_columns_c, glass_columns_a
D:5:      layout_basic, okawaru_altar_gauntlet_db, serial_shops,
          kennysheep_mini_moat, uniq_menkaure
D:6:      layout_cave_pods, worldfamousw_hep_ancestral_shrine, minivault_19,
          minmay_shop_damaged, uniq_eustachio
D:7:      nzn_winding_woodlands_medium [nzn_winding_woodlands_5x5_closed_star,
          nzn_winding_woodlands_5x15_pockets, nzn_winding_woodlands_5x5_cross,
          nzn_winding_woodlands_5x5_checkerboard,
          nzn_winding_woodlands_center_pierced_h,
          nzn_winding_woodlands_5x5_default, nzn_winding_woodlands_hourglass,
          nzn_winding_woodlands_5x15_jagged,
          nzn_winding_woodlands_5x5_open_star], layout_basic, minivault_5,
          eino_small_chamber_without_monster
D:8:      minmay_the_grid_octo_tiled_octocenter
          [minmay_the_grid_octo_fat_diamond, minmay_the_grid_octo_pinwheel,
          minmay_the_grid_octo_vomiting_pacman, minmay_the_grid_octo_chip,
          minmay_the_grid_octo_prize_big_c,
          minmay_the_grid_square_5x5_hourglass,
          minmay_the_grid_square_5x5_fancy_junction,
          minmay_the_grid_square_5x5_checkered_statues,
          minmay_the_grid_square_5x5_meh], layout_basic,
          due_lair_maze_entry_diamond, special_room [special_room_orc],
          minmay_misc_feat_x, uniq_prince_ribbit1
D:9:      layout_roguey, chequers_temple_overflow_statue_of_worship
Temple:   eino_temple_rhombus
Lair:1:   layout_regular_city, basic_altar, minivault_23, uniq_maggie
Lair:2:   layout_chaotic_city, minmay_shoals_entry_lonely_mermaid,
          dummy_snake_entry
Lair:3:   layout_roguey, gammafunk_ghost_icy, lemuel_centaur_altar, uniq_urug
Lair:4:   gammafunk_lair_enchanted_lake, layout_cave_shapes, grunt_megastairs_4
Lair:5:   layout_roguey, minmay_slime_entry_pillars, special_room
          [special_room_mythical_zoo], kilobyte_rumbling_trees, uniq_kirke
Lair:6:   hellmonk_lair_end_abyssal_woods, layout_layer_cave, st_stairs_4,
          infiniplex_staircase_pool
Shoals:1: layout_shoals
Shoals:2: layout_shoals, nicolae_shoals_goliath_grotto

Notes
Turn   | Place    | Note
-------+----------+-------------------------------------------
     0 | D:1      | Irenicus the Deep Dwarf Earth Elementalist began the quest
                  | for the Orb.
     0 | D:1      | Reached XP level 1. HP: 15/15 MP: 3/3
   236 | D:4      | Noticed a howler monkey
   241 | D:4      | Killed a howler monkey
   242 | D:4      | Reached skill level 6 in Earth Magic
   242 | D:4      | Reached XP level 2. HP: 14/22 MP: 0/4
   242 | D:4      | Reached XP level 3. HP: 18/28 MP: 0/5
   247 | D:4      | Noticed a scorpion
   297 | D:4      | Killed a scorpion
   298 | D:4      | Reached skill level 7 in Earth Magic
   298 | D:4      | Reached XP level 4. HP: 20/36 MP: 0/6
   304 | D:4      | Learned a level 2 spell: Passwall
   379 | D:4      | Found Piuhehum's Weapon Shop.
   387 | D:4      | Bought 14 stones for 16 gold pieces
   401 | D:4      | Found a staircase to the Ecumenical Temple.
   411 | Temple   | Entered the Ecumenical Temple
   433 | Temple   | Became a worshipper of Makhleb the Destroyer
   476 | D:4      | Learned a level 3 spell: Stone Arrow
   515 | D:4      | Found a glowing drain.
   528 | Sewer    | Entered a sewer
   578 | Sewer    | Reached XP level 5. HP: 14/42 MP: 0/7
   625 | Sewer    | Reached * piety under Makhleb
   649 | Sewer    | Reached skill level 8 in Earth Magic
   828 | Sewer    | Reached skill level 9 in Earth Magic
   828 | Sewer    | Reached XP level 6. HP: 21/49 MP: 0/8
   829 | Sewer    | Gained mutation: You are occasionally teleported next to
                  | monsters. [potion of mutation]
   829 | Sewer    | Gained mutation: You expend magic power (3 MP) to
                  | strengthen your wands. [potion of mutation]
   829 | Sewer    | Gained mutation: You are agile. (Dex +2) [potion of
                  | mutation]
   833 | Sewer    | Reached ** piety under Makhleb
   923 | D:3      | Found a faded altar of an unknown god.
  1484 | D:2      | Reached skill level 2 in Spellcasting
  1509 | D:2      | Reached skill level 1 in Conjurations
  1918 | D:3      | Reached skill level 10 in Earth Magic
  2005 | D:3      | Reached XP level 7. HP: 35/55 MP: 6/10
  2046 | D:3      | Reached *** piety under Makhleb
  2092 | D:3      | Noticed Sigmund
  2096 | D:3      | Killed Sigmund
  2097 | D:3      | Reached skill level 2 in Conjurations
  2342 | D:5      | Entered Level 5 of the Dungeon
  2352 | D:5      | Found Segaode's Antique Weapon Boutique.
  2493 | D:5      | Reached skill level 11 in Earth Magic
  2698 | D:5      | Found an iron altar of Okawaru.
  2699 | D:5      | Reached XP level 8. HP: 62/62 MP: 4/11
  2706 | D:5      | Reached skill level 12 in Earth Magic
  2771 | D:5      | Noticed Menkaure
  2781 | D:5      | Killed Menkaure
  2782 | D:5      | Reached skill level 2 in Shields
  2810 | D:5      | Reached skill level 3 in Shields
  2874 | D:6      | Found Valalet's Lightly-Used Armoury.
  2882 | D:6      | Reached skill level 4 in Shields
  2943 | D:5      | Reached skill level 1 in Armour
  2982 | D:6      | Reached skill level 2 in Armour
  2982 | D:6      | Reached skill level 3 in Dodging
  3050 | D:6      | Reached skill level 4 in Dodging
  3089 | D:6      | Bought a -3 quick blade for 1 gold piece
  3128 | D:6      | Reached skill level 3 in Spellcasting
  3137 | D:6      | Noticed Eustachio
  3150 | D:6      | Reached **** piety under Makhleb
  3205 | D:6      | Killed Eustachio
  3206 | D:6      | Reached skill level 5 in Dodging
  3206 | D:6      | Gained mutation: You passively map the area around you.
                  | [Deep Dwarf growth]
  3206 | D:6      | Reached XP level 9. HP: 12/68 MP: 1/14
  3232 | D:6      | Identified a potion of resistance
  3315 | D:6      | Found a hazy altar of Hepliaklqana.
  3479 | D:6      | Reached skill level 4 in Spellcasting
  3548 | D:7      | Reached skill level 6 in Dodging
  3677 | D:7      | Reached skill level 7 in Dodging
  3677 | D:7      | Reached skill level 5 in Spellcasting
  3966 | D:7      | Reached skill level 8 in Dodging
  4045 | D:7      | Reached XP level 10. HP: 51/75 MP: 3/18
  4055 | D:7      | Reached skill level 6 in Spellcasting
  4103 | D:7      | Noticed a two-headed ogre
  4411 | D:7      | Reached skill level 3 in Armour
  4453 | D:7      | Reached skill level 9 in Dodging
  4480 | D:7      | Killed a two-headed ogre
  4480 | D:7      | Reached ***** piety under Makhleb
  4481 | D:7      | Reached skill level 4 in Armour
  4653 | D:8      | Reached skill level 5 in Armour
  4691 | D:8      | Noticed a tengu warrior
  4691 | D:8      | Noticed a cyclops
  4691 | D:8      | Noticed a centaur warrior
  4740 | D:8      | Reached skill level 10 in Dodging
  4890 | D:9      | Reached skill level 1 in Fighting
  4890 | D:9      | Reached skill level 6 in Armour
  4931 | D:9      | Lost mutation: You are agile. (Dex +2) [potion of mutation]
  4931 | D:9      | Lost mutation: You expend magic power (3 MP) to strengthen
                  | your wands. [potion of mutation]
  4931 | D:9      | Gained mutation: You are partially covered in iridescent
                  | scales. (AC +2) [potion of mutation]
  4931 | D:9      | Gained mutation: You are resistant to electric shocks.
                  | (rElec) [potion of mutation]
  4936 | D:9      | Reached skill level 2 in Fighting
  5134 | D:8      | Killed a tengu warrior
  5135 | D:8      | Reached skill level 7 in Armour
  5135 | D:8      | Reached XP level 11. HP: 25/86 MP: 0/20
  5213 | D:8      | Noticed Prince Ribbit
  5228 | D:8      | Killed Prince Ribbit
  5284 | D:8      | Found an ornate altar of the Wu Jian Council.
  5328 | D:8      | Reached skill level 7 in Spellcasting
  5396 | D:8      | Noticed a two-headed ogre
  5421 | D:8      | Reached skill level 8 in Armour
  5450 | D:8      | Killed a two-headed ogre
  5450 | D:8      | Noticed a two-headed ogre
  5865 | D:8      | Reached skill level 9 in Armour
  5865 | D:8      | Reached skill level 8 in Spellcasting
  5867 | D:8      | Found a staircase to the Lair.
  5928 | D:8      | Noticed a white ugly thing
  5928 | D:8      | Noticed a cyan ugly thing
  5929 | D:8      | Noticed a white ugly thing
  5935 | D:8      | Killed a red ugly thing
  5938 | D:8      | Killed a white ugly thing
  5946 | D:8      | Killed a white ugly thing
  6035 | D:8      | HP: 7/86 [centaur warrior (7)]
  6038 | D:8      | Killed a centaur warrior
  6039 | D:8      | Reached skill level 11 in Dodging
  6118 | D:8      | Noticed a five-headed hydra
  6122 | Lair:1   | Entered Level 1 of the Lair of Beasts
  6190 | Lair:1   | Learned a level 5 spell: Borgnjor's Vile Clutch
  6194 | Lair:1   | Found a radiant altar of Vehumet.
  6247 | Lair:1   | Noticed Maggie
  6253 | Lair:1   | Killed Maggie
  6363 | Lair:1   | Reached skill level 9 in Spellcasting
  6363 | Lair:1   | Reached skill level 1 in Necromancy
  6363 | Lair:1   | Reached XP level 12. HP: 28/93 MP: 16/24
  6421 | Lair:1   | Reached skill level 2 in Necromancy
  6782 | Lair:2   | Reached ****** piety under Makhleb
  6783 | Lair:2   | Reached skill level 3 in Necromancy
  6831 | Lair:2   | Found a staircase to the Shoals.
  6853 | Lair:2   | Noticed a seven-headed hydra
  6864 | Lair:2   | Killed a seven-headed hydra
  6865 | Lair:2   | Reached skill level 13 in Earth Magic
  6892 | Lair:2   | Found a staircase to the Snake Pit.
  6933 | Lair:2   | Reached skill level 4 in Necromancy
  6969 | Lair:2   | Reached skill level 5 in Necromancy
  7117 | Lair:3   | Reached skill level 14 in Earth Magic
  7122 | Lair:3   | Reached skill level 6 in Necromancy
  7122 | Lair:3   | Noticed a four-headed hydra
  7139 | Lair:3   | Killed a four-headed hydra
  7167 | Lair:3   | Reached skill level 7 in Necromancy
  7214 | Lair:3   | Noticed a seven-headed hydra
  7218 | Lair:3   | Noticed Urug
  7235 | Lair:3   | Killed a seven-headed hydra
  7258 | Lair:3   | Killed Urug
  7259 | Lair:3   | Reached skill level 15 in Earth Magic
  7349 | Lair:3   | Noticed a six-headed hydra
  7380 | Lair:3   | Killed a six-headed hydra
  7381 | Lair:3   | Reached skill level 8 in Necromancy
  7407 | Lair:3   | Found a burning altar of Makhleb.
  7457 | Lair:3   | Found a runed translucent gate.
  7459 | Lair:3   | Found a runed translucent gate.
  7461 | Lair:3   | Found a runed translucent gate.
  7489 | Lair:3   | Reached XP level 13. HP: 99/99 MP: 8/25
  7541 | Lair:3   | Noticed Illot's ghost (adept MfTm)
  7704 | Lair:4   | Reached skill level 9 in Necromancy
  7714 | Lair:4   | Learned a level 2 spell: Corpse Rot
  7719 | Lair:4   | Learned a level 4 spell: Animate Dead
  7732 | Lair:4   | Reached skill level 16 in Earth Magic
  8034 | Lair:4   | Reached skill level 10 in Necromancy
  8174 | Lair:4   | Found a runed translucent door.
  8288 | Lair:5   | Found a staircase to the Slime Pits.
  8326 | Lair:5   | Reached skill level 17 in Earth Magic
  8456 | Lair:5   | Noticed Kirke
  8464 | Lair:5   | Killed Kirke
  8520 | Lair:5   | Reached skill level 11 in Necromancy
  8589 | Lair:5   | Identified the +0 plate armour of Boredom {rElec Will++
                  | Int-5 Slay+4}
  8651 | Lair:5   | Reached skill level 18 in Earth Magic
  8696 | Lair:5   | Reached skill level 1 in Evocations
  8698 | Lair:5   | Reached skill level 2 in Evocations
  8770 | Lair:5   | Reached skill level 3 in Evocations
  8876 | Lair:5   | Reached skill level 19 in Earth Magic
  8876 | Lair:5   | Gained mutation: You resist negative energy. (rN+) [Deep
                  | Dwarf growth]
  8876 | Lair:5   | Reached XP level 14. HP: 105/107 MP: 11/26
  8931 | Lair:6   | Entered Level 6 of the Lair of Beasts
  9021 | Lair:6   | Reached skill level 4 in Evocations
  9110 | Lair:6   | Reached skill level 5 in Evocations
  9223 | Lair:6   | Reached skill level 20 in Earth Magic
  9521 | Lair:6   | Reached skill level 21 in Earth Magic
  9729 | Lair:6   | Reached skill level 22 in Earth Magic
  9887 | Lair:6   | Found a corrupted altar of Lugonu.
  9887 | Lair:6   | Found a one-way gate to the infinite horrors of the Abyss.
  9890 | Lair:6   | Found the +7 mace of Variability {chain chaos}
  9988 | Lair:5   | Reached skill level 23 in Earth Magic
 10219 | Lair:3   | Got the ring "Qoecusag" {Fire Int+5 SInv}
 10222 | Lair:3   | Identified the +2 pair of boots "Ymigu" {Contam Will+ Str+4
                  | SInv}
 10329 | Shoals:1 | Entered Level 1 of the Shoals
 10391 | Shoals:1 | Reached skill level 12 in Necromancy
 10555 | Shoals:2 | Demolished by an alligator snapping turtle

Vanquished Creatures
  Kirke (Lair:5)
  A merfolk impaler (Shoals:1)
  9 hydras
  2 two-headed ogres
  A catoblepas (Lair:5)
  A centaur warrior (D:8)
  An alligator (Shoals:2)
  A tengu warrior (D:8)
  4 thrashing horrors (Lair:6)
  Urug (Lair:3)
  3 cyclopes (D:8)
  2 manticores
  6 ugly things
  2 fauns (Shoals:1)
  A black mamba (Lair:5)
  2 merfolk sirens
  4 water nymphs
  2 centaur zombies
  14 elephants
  A smoke demon (Lair:6)
  An unseen horror (D:8)
  13 cane toads
  5 komodo dragons
  Maggie (Lair:1)
  An efreet (D:8)
  8 rime drakes
  An ancient zyme (Lair:6)
  3 merfolk (Shoals:1)
  A merfolk (shapeshifter) (Lair:6)
  Prince Ribbit (D:8)
  2 raiju (shapeshifter) (Lair:6)
  A wind drake (Shoals:2)
  3 hornets
  11 dream sheep (Lair:4)
  20 blink frogs
  A dream sheep (shapeshifter) (Lair:6)
  4 slime creatures (Lair:5)
  2 snapping turtles (Shoals:2)
  A spriggan (Lair:6)
  Sigmund (D:3)
  A ynoxinul (Lair:6)
  46 yaks
  12 wyverns
  2 shadows (D:9)
  2 water elementals (Shoals:1)
  Eustachio (D:6)
  12 basilisks
  4 steam dragons
  7 small abominations (Lair:6)
  A vampire mosquito (D:7)
  A death yak simulacrum (Lair:3)
  Menkaure (D:5)
  16 water moccasins
  3 acid dragons
  3 hydra simulacra (Lair:3)
  A hell hound (Lair:5)
  4 ogres
  4 orc warriors
  4 sky beasts
  4 ice beasts
  A hornet zombie (D:8)
  6 black bears
  A black mamba simulacrum (Lair:3)
  5 boggarts
  8 centaurs
  14 wolves
  3 kobold brigands
  A gnoll sergeant (D:5)
  9 bullfrogs
  5 scorpions
  2 cane toad simulacra (Lair:3)
  A wyvern skeleton (D:7)
  2 elephant simulacra (Lair:3)
  27 wights
  An electric eel (Lair:4)
  2 howler monkeys
  A bullfrog zombie (D:7)
  2 hounds
  3 jellies
  3 bullfrog skeletons
  3 gnoll shamans
  5 orc priests
  A centaur skeleton (D:7)
  4 iguanas
  A scorpion zombie (D:5)
  6 hell rats
  2 killer bee zombies
  A howler monkey zombie (D:6)
  26 gnolls
  A howler monkey skeleton (D:5)
  7 adders
  3 river rats (Sewer)
  2 white imps
  2 ufetubi
  An adder skeleton (D:4)
  A worm (D:4)
  2 dart slugs
  38 orcs
  8 endoplasms
  2 giant cockroaches
  4 goblins
  3 hobgoblins
  6 jackals
  7 kobolds
  2 quokkas
  11 ball pythons
  4 bats
  3 frilled lizards
  31 rats
553 creatures vanquished.

Vanquished Creatures (others)
  4 humans (Lair:5)
  An ice beast (D:8)
  2 wolves (Lair:5)
  A hell rat (Lair:5)
  An orc (D:8)
  A bush (Lair:3)
  69 fungi
  74 plants
  9 toadstools (Lair:4)
162 creatures vanquished.

Grand Total: 715 creatures vanquished

Table legend: (Time is in decaauts)
 A = Elapsed time spent in this place.
 B = Non-inter-level travel time spent in this place.
 C = Inter-level travel time spent in this place.
 D = Time resting spent in this place.
 E = Time spent auto-exploring this place.
 F = Levels seen in this place.
 G = Mean time per level.
                   A        B        C        D        E       F      G
               +--------+--------+--------+--------+--------+-----+--------+
         Total |  10742 |  10500 |    242 |     42 |      0 |  19 |  565.4 |
       Dungeon |   5791 |   5706 |     85 |     42 |      0 |   9 |  643.4 |
        Temple |     32 |     32 |      0 |      0 |      0 |   1 |   32.0 |
          Lair |   4287 |   4130 |    157 |      0 |      0 |   6 |  714.5 |
        Shoals |    250 |    250 |      0 |      0 |      0 |   2 |  125.0 |
         Sewer |    380 |    380 |      0 |      0 |      0 |   1 |  380.0 |
               +--------+--------+--------+--------+--------+-----+--------+

Top non-repeatable levels by time:
     D:8: 1170 daAuts
  Lair:6: 1061 daAuts
     D:7: 921 daAuts
  Lair:4: 879 daAuts
     D:6: 769 daAuts
  Lair:3: 691 daAuts
  Lair:5: 684 daAuts
     D:5: 597 daAuts
     D:1: 574 daAuts
     D:2: 510 daAuts
  Lair:1: 493 daAuts
  Lair:2: 477 daAuts
     D:4: 468 daAuts
     D:3: 428 daAuts
   Sewer: 380 daAuts

Table legend:
 A = Non-vault XP
 B = Vault XP
 C = Vault XP percentage of total XP
 D = Non-vault monster count
 E = Vault monster count
 F = Vault count percentage of total count
                 A         B        C        D         E       F
            +---------+---------+-------+---------+---------+-------
      Total |   50724 |   44065 |  46.5 |     302 |     251 |  45.4
            +---------+---------+-------+---------+---------+-------
        D:1 |      13 |       0 |   0.0 |      10 |       0 |   0.0
        D:2 |     159 |       0 |   0.0 |      27 |       0 |   0.0
        D:3 |      49 |     220 |  81.8 |       5 |       1 |  16.7
        D:4 |     167 |       5 |   2.9 |      15 |       1 |   6.2
        D:5 |     746 |     212 |  22.1 |      16 |       7 |  30.4
        D:6 |    1523 |     197 |  11.5 |      32 |       1 |   3.0
        D:7 |    1496 |    2940 |  66.3 |      18 |      25 |  58.1
        D:8 |     949 |    9210 |  90.7 |      15 |      55 |  78.6
        D:9 |    1955 |     319 |  14.0 |      19 |       3 |  13.6
     Lair:1 |    2195 |     365 |  14.3 |      11 |       1 |   8.3
     Lair:2 |    4235 |     458 |   9.8 |      17 |       1 |   5.6
     Lair:3 |    9115 |    3321 |  26.7 |      27 |      17 |  38.6
     Lair:4 |    8021 |    5348 |  40.0 |      25 |      19 |  43.2
     Lair:5 |    5857 |    8831 |  60.1 |      17 |      36 |  67.9
     Lair:6 |    7845 |   11008 |  58.4 |      33 |      33 |  50.0
   Shoals:1 |    5662 |       0 |   0.0 |      13 |       0 |   0.0
   Shoals:2 |     737 |    1281 |  63.5 |       2 |       3 |  60.0
      Sewer |       0 |     350 | 100.0 |       0 |      48 | 100.0
            +---------+---------+-------+---------+---------+-------
